 Dungeon Crawl Stone Soup version 0.23.2-40-g277498a001 (webtiles) character file.

Game seed: 11773828588066636573

159 H0rd4k the Charlatan (level 5, -2/37 HPs)
             Began as a Human Artificer on Oct 9, 2019.
             Killed from afar by an orc wizard (3 damage)
             ... with a magic dart
             ... on level 3 of the Dungeon.
             The game lasted 00:04:12 (2245 turns).

H0rd4k the Charlatan (Human Artificer)              Turns: 2245, Time: 00:04:13

Health: -2/37      AC:  3    Str: 18    XL:     5   Next: 68%
Magic:  7/7        EV: 12    Int: 16    God:
Gold:   118        SH:  0    Dex: 14    Spells: 4/4 levels left

rFire    . . .     SeeInvis .   v - +0 rapier
rCold    . . .     Gourm    .   (no shield)
rNeg     . . .     Faith    .   b - +0 leather armour
rPois    .         Spirit   .   (no helmet)
rElec    .         Reflect  .   (no cloak)
rCorr    .         Harm     .   (no gloves)
MR       .....                  (no boots)
Stlth    ++........             (no amulet)
HPRegen  0.12/turn              (no ring)
MPRegen  0.10/turn              (no ring)

@: mighty, brilliant, hasted, very quick
A: no striking features
a: no special abilities


You were on level 3 of the Dungeon.
You were hungry.

You visited 1 branch of the dungeon, and saw 3 of its levels.

You collected 118 gold pieces.

Inventory:

Hand Weapons
 v - a +0 rapier (weapon)
Missiles
 a - 6 javelins (quivered)
Armour
 b - a +0 leather armour (worn)
Magical Staves
 o - an uncursed staff of summoning
Wands
 c - a wand of flame (4)
 d - a wand of enslavement (11)
 e - a wand of random effects (10)
Scrolls
 g - 2 scrolls of remove curse {unknown}
 i - a scroll of enchant weapon {unknown}
 k - 2 scrolls of immolation {unknown}
 l - 2 scrolls of noise {unknown}
 n - a scroll of magic mapping {unknown}
 p - 2 scrolls of teleportation {unknown}
 r - a scroll of amnesia {unknown}
 s - a scroll of fear {unknown}
 u - a scroll of identify {unknown}
Potions
 j - a potion of brilliance
 t - 2 potions of degeneration {unknown}
Comestibles
 f - 4 rations


   Skills:
 + Level 1.5 Fighting
 + Level 3.1 Short Blades
 + Level 1.7 Armour
 + Level 2.5 Dodging
 + Level 1.7 Stealth
 + Level 3.7 Evocations


You had 4 spell levels left.
You didn't know any spells.
Your spell library was empty.

Dungeon Overview and Level Annotations

Branches:
Dungeon (3/15)

Altars:
Makhleb
Trog


Message History

* * * LOW HITPOINT WARNING * * *
The orc hits you but does no damage.
It was a potion of brilliance.
You feel clever all of a sudden. Something hits you.
* * * LOW HITPOINT WARNING * * *
Something hits you.
* * * LOW HITPOINT WARNING * * *
The orc barely misses you.
It was a potion of haste.
You feel yourself speed up.
You hear some strange, mumbled words.
A puff of frost appears from out of thin air!
The puff of frost misses you. The orc misses you.
It was a potion of might.
You feel very mighty all of a sudden. Something hits you but does no damage.
You hear some strange, mumbled words.
A magic dart appears from out of thin air!
The magic dart hits you.
You die...

##########
#........#
#########........#
#@o>.............+
#[#....#.........#
#.†.#..........†.#
###...............
#..(.......######
#)......#..# ####
#.[.....#..###...
#...........o..)...
########...........


You could see an orc.

Vanquished Creatures
  A hound (D:2)
  An orc wizard (D:3)
  3 adders
  2 oozes
  A worm (D:3)
  2 dart slugs (D:1)
  A leopard gecko (D:1)
  An orc (D:3)
  A giant cockroach (D:1)
  7 goblins
  5 hobgoblins
  3 jackals (D:1)
  2 quokkas (D:3)
  A ball python (D:3)
  9 bats
  2 frilled lizards
  6 kobolds
  7 rats
55 creatures vanquished.

Vanquished Creatures (collateral kills)
  An adder (D:2)
  A goblin (D:2)
  A rat (D:2)
3 creatures vanquished.

Vanquished Creatures (others)
  An orc (D:3)
1 creature vanquished.

Grand Total: 59 creatures vanquished

Notes
Turn   | Place    | Note
-------+----------+-------------------------------------------
     0 | D:1      | H0rd4k the Human Artificer began the quest for the Orb.
     0 | D:1      | Reached XP level 1. HP: 15/15 MP: 3/3
   127 | D:1      | Reached XP level 2. HP: 13/21 MP: 4/4
   500 | D:1      | Reached XP level 3. HP: 23/26 MP: 5/5
   983 | D:2      | Found a burning altar of Makhleb.
  1034 | D:2      | Reached XP level 4. HP: 29/32 MP: 6/6
  1049 | D:2      | Reached skill level 1 in Armour
  1523 | D:2      | Found a bloodstained altar of Trog.
  1715 | D:3      | Reached XP level 5. HP: 25/37 MP: 7/7
  2243 | D:3      | HP: 1/37 [something (1)]
  2245 | D:3      | Killed from afar by an orc wizard

Skill      XL: |  1  2  3  4  5 |
---------------+----------------+-----
Short Blades   | 2 3 |  3.1
Armour         | 1 |  1.7
Fighting       | |  1.5
Dodging        | |  2.5
Stealth        | |  1.7
Evocations     | |  3.7

Action                   |  1- 3 |  4- 6 || total
-------------------------+-------+-------++-------
Melee: Short sword       |   110 |    78 ||   188
       Rapier            |       |    23 ||    23
Evoke: Wand              |     3 |    17 ||    20
  Use: Potion            |       |     5 ||     5
 Stab: Sleeping          |     1 |     1 ||     2
       Confused          |       |     1 ||     1
  Eat: Chunk             |       |     4 ||     4
Armor: Leather armour    |    43 |    11 ||    54
Dodge: Dodged            |    85 |    79 ||   164
